 Dungeon Sprint DCSS version 0.31-a0-150-g89dc3ad700 (webtiles) character file.

Game seed: 15651952110364179572

22 rocky1 the Chopper (level 2, -3/26 HPs)
             Began as a Minotaur Gladiator on June 9, 2023.
             Was a Follower of Okawaru.
             Shot with an arrow by a centaur (11 damage)
             ... in the Dungeon (Sprint VII: "The Pits").
             The game lasted 00:00:25 (403 turns).

rocky1 the Chopper (Minotaur Gladiator)              Turns: 403, Time: 00:00:25

Health: -3/26      AC:  3    Str: 18    XL:     2   Next: 68%
Magic:  1/1        EV: 13    Int:  5    God:    Okawaru [*.....]
Gold:   0          SH:  0    Dex: 11    Spells: 1/1 levels left

rFire   . . .        a - +0 war axe
rCold   . . .        (no shield)
rNeg    . . .        b - +0 leather armour
rPois   .            c - +0 hat
rElec   .            (no cloak)
rCorr   .            (no gloves)
SInv    .            (no boots)
Will    .....        (no amulet)
Stlth   +            (no ring)
HPRegen 0.24/turn    (no ring)
MPRegen 0.07/turn

%: no teleportation
@: no status effects
A: horns 2, retaliatory headbutt
a: Renounce Religion, Heroism


You were in the Dungeon.
You worshipped Okawaru.
Okawaru was aware of your devotion.
You visited 1 branch

Inventory:

Hand Weapons
 a - a +0 war axe (weapon)
Missiles
 d - 3 throwing nets (quivered)
 e - a javelin
Armour
 b - a +0 leather armour (worn)
 c - a +0 hat (worn)
Scrolls
 k - a scroll of blinking
 m - 5 scrolls of amnesia
 n - a scroll of butterflies
Potions
 f - a potion of curing
 g - a potion of heal wounds
 h - a potion of haste
 i - 4 potions of magic
 j - 3 potions of berserk rage
 l - 2 potions of invisibility


   Skills:
 + Level 3.2 Fighting
 + Level 5.4 Axes
 + Level 2.6 Throwing
 + Level 1.0 Armour
 + Level 4.9 Dodging


You had one spell level left.
You didn't know any spells.
Your spell library was empty.

Dungeon Overview and Level Annotations

Branches:
Dungeon (1/1)

Altars:
Ashenzari
Cheibriados
Dithmenos
Elyvilon
Fedhas
Gozag
Hepliaklqana
Kikubaaqudgha
Makhleb
Nemelex Xobeh
Okawaru
Qazlal
Ru
Sif Muna
Trog
Uskayaw
Vehumet
Wu Jian
Xom
Yredelemnul
Zin
The Shining One
Jiyva
Lugonu


Innate Abilities, Weirdness & Mutations

You have a pair of horns on your head.
You reflexively headbutt those who attack you in melee.


Message History

You furiously retaliate!
You headbutt the gnoll. You barely miss the gnoll.
The gnoll is severely wounded.
The gnoll barely misses you. You furiously retaliate!
You headbutt the gnoll!
You kill the gnoll!
Okawaru accepts your kill.
Your Axes skill increases to level 5!
Your Armour skill increases to level 1!
Things that are here:
a +0 club; a gnoll corpse You start waiting.
Done waiting.
You open the door.
A floating eye and a quokka come into view.
The floating eye turns its gaze towards you.
An endoplasm and a centaur come into view.
The centaur shouts!
The centaur wields a +0 shortbow.
The centaur shoots an arrow.
The arrow hits you!
The endoplasm quivers.
There is an open door here.
You hit the floating eye.
The floating eye is lightly wounded.
You slash the floating eye!
You headbutt the floating eye, but do no damage.
The floating eye is heavily wounded.
You hit the floating eye. You punch the floating eye.
The floating eye is severely wounded.
You closely miss the quokka. The quokka closely misses you.
The floating eye seems to glare at you.
The quokka bites you but does no damage.
You barely miss the floating eye. You headbutt the floating eye.
You kill the floating eye!
Okawaru is honoured by your kill.
You can now gain great but temporary skills.
You slash the quokka!
You kill the quokka!
Okawaru accepts your kill.
The centaur shoots an arrow.
The arrow hits you!
The centaur shoots an arrow.
The arrow hits you!
You die...

##########'##........
#.?(.')))'.##......#.
##########.##........
#.....รท.....'........
#+#####'#####......#.
#...#.# #........
#...#.# ####'####
#..)'.# #.......#
##@#### #.......#
#.J.c.# #.......#
#.....# #...<...#
#....... #.......#
#........##.......#
###########.......#
#########


You could see a centaur and an endoplasm.

Vanquished Creatures
  A floating eye (D)
  A gnoll (D)
  An adder (D)
  A ball python (D)
  A quokka (D)
  A jackal zombie (D)
  A rat (D)
7 creatures vanquished.

Notes
Turn   | Place    | Note
-------+----------+-------------------------------------------
     0 | D        | rocky1 the Minotaur Gladiator began the quest for the Orb.
     0 | D        | Reached XP level 1. HP: 18/18 MP: 0/0
    40 | D        | Found a bloodstained altar of Trog.
    40 | D        | Found a shimmering blue altar of Sif Muna.
    40 | D        | Found a viscous altar of Jiyva.
    40 | D        | Found a hazy altar of Hepliaklqana.
    40 | D        | Found an opulent altar of Gozag.
    41 | D        | Found a glowing golden altar of the Shining One.
    41 | D        | Found a glowing silver altar of Zin.
    41 | D        | Found a basalt altar of Yredelemnul.
    41 | D        | Found a shimmering altar of Xom.
    41 | D        | Found an ornate altar of the Wu Jian Council.
    41 | D        | Found a sacrificial altar of Ru.
    41 | D        | Found a stormy altar of Qazlal.
    41 | D        | Found an iron altar of Okawaru.
    41 | D        | Found a sparkling altar of Nemelex Xobeh.
    41 | D        | Found a burning altar of Makhleb.
    41 | D        | Found a blossoming altar of Fedhas.
    41 | D        | Found a white marble altar of Elyvilon.
    41 | D        | Found a shadowy altar of Dithmenos.
    41 | D        | Found a snail-covered altar of Cheibriados.
    43 | D        | Found a radiant altar of Vehumet.
    43 | D        | Found a corrupted altar of Lugonu.
    44 | D        | Found a hide-covered altar of Uskayaw.
    44 | D        | Found an ancient bone altar of Kikubaaqudgha.
    44 | D        | Found a broken altar of Ashenzari.
    49 | D        | Became a worshipper of Warmaster Okawaru
    66 | D        | Reached skill level 4 in Axes
    66 | D        | Reached XP level 2. HP: 11/25 MP: 1/1
   296 | D        | Reached skill level 5 in Axes
   296 | D        | Reached skill level 1 in Armour
   398 | D        | Noticed a floating eye
   399 | D        | Noticed a centaur
   403 | D        | Killed a floating eye
   403 | D        | Reached * piety under Okawaru
   403 | D        | Shot with an arrow by a centaur

Illustrated notes

Levels and vault maps discovered:
D:        pitsprint [storerooms_1, entrance_room_1, metal_vault_2, armoury_1,
          mini_pit_1, grid_room_1, main_hall_1, silver_pit, the_coven_1,
          the_vestibule_1, steel_vault_1, golden_pit, hallway_of_sentries,
          crystal_vault_5, iron_vault_5, final_vault]

Skill      XL: |  1  2 |
---------------+-------+-----
Axes           | 4 5 |  5.4
Dodging        | 4 |  4.9
Fighting       | 3 |  3.2
Armour         | 1 |  1.0
Throwing       | |  2.6

Action                     || total
---------------------------++-------
  Melee: War axe           ||    16
         Headbutt          ||     3
         Punch             ||     2
 Armour: Leather armour    ||     6
  Dodge: Dodged            ||    11

Table legend: (Time is in decaauts)
 A = Elapsed time spent in this place.
 B = Non-inter-level travel time spent in this place.
 C = Inter-level travel time spent in this place.
 D = Time resting spent in this place.
 E = Time spent auto-exploring this place.
 F = Levels seen in this place.
 G = Mean time per level.
                   A        B        C        D        E       F      G
               +--------+--------+--------+--------+--------+-----+--------+
         Total |    406 |    406 |      0 |    318 |      0 |   1 |  406.0 |
       Dungeon |    406 |    406 |      0 |    318 |      0 |   1 |  406.0 |
               +--------+--------+--------+--------+--------+-----+--------+

Top non-repeatable levels by time:
       D: 406 daAuts
